 Dungeon Crawl Stone Soup version 0.19.0-2-gae57169 (webtiles) character file.

678 aggelon the Ruffian (level 7, 0/67 HPs)
             Began as a Troll Berserker on Nov 5, 2016.
             Was an Elder of Trog.
             Slain by an ogre
             ... wielding a +0 giant club
              (21 damage)
             ... on level 6 of the Dungeon.
             The game lasted 00:31:56 (4660 turns).

aggelon the Ruffian (Troll Berserker)               Turns: 4660, Time: 00:31:56

Health: 0/67       AC:  5    Str: 26    XL:     7   Next: 34%
Magic:  6/6        EV:  8    Int:  4    God:    Trog [****..]
Gold:   379        SH:  7    Dex: 10    Spells: 0 memorised, 6 levels left

rFire  . . .     SeeInvis .       - Unarmed
rCold  . . .     Gourm    +     p - +0 animal skin
rNeg   . . .     Faith    .     r - +0 shield
rPois  .         Spirit   .     (helmet restricted)
rElec  .         Reflect  .     (no cloak)
rCorr  .         Harm     .     (gloves unavailable)
MR     ++...                    (boots unavailable)
Stlth  +.........               (no amulet)
                                (no ring)
                                (no ring)

@: regenerating
A: unfitting armour, claws 3, fast metabolism 3, gourmand, regeneration 1,
shaggy fur 1, tough skin 2
a: Berserk, Trog's Hand, Brothers in Arms, Burn Spellbooks, Renounce Religion


You were on level 6 of the Dungeon.
You worshipped Trog.
Trog was greatly pleased with you.
You were completely stuffed.

You visited 2 branches of the dungeon, and saw 7 of its levels.

You collected 379 gold pieces.

Inventory:

Hand Weapons
 a - a +0 hunting sling
Missiles
 d - 4 sling bullets
 g - 186 stones (quivered)
 h - a throwing net
Armour
 p - a +0 animal skin (worn)
 r - a +0 shield (worn)
Jewellery
 e - an uncursed ring of positive energy
Wands
 i - a wand of slowing (22/48)
Scrolls
 f - a scroll of identify
 m - 2 scrolls of teleportation
 n - 3 scrolls of noise
 q - 3 scrolls of remove curse
Potions
 j - 2 potions of curing
 l - a potion of agility
 s - a potion of invisibility
Comestibles
 b - 6 bread rations
 c - 2 beef jerkies
 k - 6 chunks of flesh


   Skills:
 + Level 3.1 Fighting
 * Level 4.8 Throwing
 + Level 3.4 Dodging
 + Level 5.3 Unarmed Combat


You had 6 spell levels left.
You didn't know any spells.

Dungeon Overview and Level Annotations

Branches:
Dungeon (6/15)             Temple (1/1) D:4

Altars:
Ashenzari
Cheibriados
Dithmenos
Elyvilon
Fedhas
Gozag
Hepliaklqana
Kikubaaqudgha
Makhleb
Nemelex Xobeh
Okawaru
Qazlal
Ru
Sif Muna
Trog
Uskayaw
Vehumet
Xom
Yredelemnul
Zin
The Shining One


Innate Abilities, Weirdness & Mutations

You are too large for most types of armour.
You have claws for hands.
Your metabolism is lightning-fast.
You like to eat raw meat.
Your natural rate of healing is unusually fast.
You are covered in fur. (AC +1)
You have very tough skin. (AC +2)


Message History

You barely miss the ogre.
The ogre is lightly wounded.
The ogre hits you with a giant club!
You claw the ogre!
The ogre is severely wounded.
You block the ogre's attack.
Your skin crawls.
You feel resistant to hostile enchantments.
You feel somewhat less full.
Your shield prevents you from hitting the ogre.
The ogre is severely wounded.
You block the ogre's attack.
Your shield prevents you from hitting the ogre.
The ogre is severely wounded.
The ogre hits you with a giant club!!
* * * LOW HITPOINT WARNING * * *
You scratch the ogre.
The ogre is almost dead.
The ogre hits you with a giant club!!
You die...

###### .# .....# ##.##
.###.# ### #...! ...#.#
#.. .... ##.#.# #.# #..#
#.#.# #.# #..#
##.#.########.# #..#
...#..........###O.##...
############....@.o......
##.#######.... #.# ...
#.. # ####


You could see an ogre and an orc wizard.

Vanquished Creatures
  A bullfrog (D:6)
  A jelly (D:6)
  A bullfrog zombie (D:5)
  A centaur skeleton (D:4)
  3 orc priests (D:4)
  2 bullfrog skeletons
  An orc wizard (D:4)
  2 iguanas
  A worker ant (D:4)
  7 gnolls (D:3)
  8 adders
  An ooze (D:1)
  3 worms
  2 dart slugs
  8 leopard geckos
  14 orcs
  A ball python (D:3)
  6 bats
  4 giant cockroaches
  10 goblins
  6 hobgoblins
  6 jackals
  9 frilled lizards
  16 kobolds
  6 rats
  3 bushes
  A plant (D:3)
124 creatures vanquished.

Notes
Turn   | Place    | Note
-------+----------+-------------------------------------------
     0 | D:1      | aggelon the Troll Berserker began the quest for the Orb.
     0 | D:1      | Reached XP level 1. HP: 22/22 MP: 0/0
    48 | D:1      | Lost intelligence.
   158 | D:1      | Reached XP level 2. HP: 24/29 MP: 1/1
   754 | D:1      | Reached ** piety under Trog
   754 | D:1      | Reached XP level 3. HP: 36/36 MP: 2/2
   829 | D:1      | Reached skill level 1 in Throwing
  1374 | D:2      | Reached XP level 4. HP: 41/44 MP: 3/3
  1560 | D:2      | Found a sacrificial altar of Ru.
  1828 | D:3      | Reached XP level 5. HP: 39/52 MP: 4/4
  2120 | D:3      | Reached *** piety under Trog
  2924 | D:4      | Reached skill level 4 in Unarmed Combat
  2946 | D:4      | Reached XP level 6. HP: 59/59 MP: 5/5
  3135 | D:4      | Found a staircase to the Ecumenical Temple.
  3149 | Temple   | Entered the Ecumenical Temple
  3742 | D:5      | Entered Level 5 of the Dungeon
  3914 | D:5      | Reached XP level 7. HP: 51/67 MP: 6/6
  3983 | D:5      | Reached **** piety under Trog
  4070 | D:5      | Reached skill level 5 in Unarmed Combat
  4660 | D:6      | Slain by an ogre

Skill      XL: |  1  2  3  4  5  6  7 |
---------------+----------------------+-----
Throwing       | 1 2 3 4 |  4.8
Dodging        | 3 |  3.4
Unarmed Combat | 4 5 |  5.3
Fighting       | 3 |  3.1

Action                   |  1- 3 |  4- 6 |  7- 9 || total
-------------------------+-------+-------+-------++-------
Melee: Unarmed           |   195 |   180 |    41 ||   416
       Punch             |     4 |     2 |       ||     6
 Fire: Hunting sling     |       |    37 |     8 ||    45
Throw: Stone             |    71 |   122 |       ||   193
Invok: Trog's Hand       |       |     1 |     1 ||     2
  Use: Potion            |     4 |     4 |     1 ||     9
       Scroll            |     1 |     6 |     3 ||    10
 Stab: Sleeping          |       |     1 |       ||     1
  Eat: Chunk             |    22 |    23 |     7 ||    52
Armor: Animal skin       |    50 |    40 |    10 ||   100
Dodge: Dodged            |    63 |    77 |     9 ||   149
Block: Shield            |       |     1 |    13 ||    14
